 Dungeon Crawl Stone Soup version 0.23.2-1-ga50397a (webtiles) character file.

Game seed: 8414177667113408809

31395 myga the Cruncher (level 13, -1/76 HPs)
             Began as a Gargoyle Ice Elementalist on May 24, 2019.
             Was the Champion of Ashenzari.
             Slain by a crocodile (10 damage)
             ... on level 6 of the Lair of Beasts.
             The game lasted 01:24:49 (20003 turns).

myga the Cruncher (Gargoyle Ice Elementalist)      Turns: 20003, Time: 01:24:50

Health: -1/76      AC: 19    Str: 14    XL:     13   Next: 57%
Magic:  4/26       EV: 18    Int: 20    God:    Ashenzari [******]
Gold:   470        SH:  0    Dex: 13    Spells: 17/31 levels left

rFire    . . .     SeeInvis +   q - +4 quarterstaff (chaos) (curse)
rCold    + . .     Gourm    .   (shield currently unavailable)
rNeg     + . .     Faith    .   x - +2 robe {MR+} (curse)
rPois    ∞         Spirit   .   u - +0 helmet (curse)
rElec    +         Reflect  .   r - +0 cloak (curse)
rCorr    .         Harm     .   y - +0 pair of gloves (curse)
MR       ++...     Clarity  +   A - +2 pair of boots (curse)
Stlth    +++++.....             N - amulet of the acrobat (curse)
HPRegen  0.22/turn              e - ring of protection from magic (curse)
MPRegen  0.20/turn              k - +4 ring of intelligence (curse)

@: no status effects
A: big wings, see invisible, cold resistance 1, negative energy resistance 1,
electricity resistance, unbreathing, petrification resistance, no potion heal 1,
rot immunity, AC +9
a: Fly, Curse Item, Scrying, Transfer Knowledge, Renounce Religion


You were on level 6 of the Lair of Beasts.
You worshipped Ashenzari.
Ashenzari was exalted by your worship.
You were hungry.

You visited 3 branches of the dungeon, and saw 17 of its levels.

You collected 813 gold pieces.
You spent 343 gold pieces at shops.

Inventory:

Hand Weapons
 q - a cursed +4 quarterstaff of chaos (weapon)
Missiles
 a - 6 poisoned tomahawks
 t - 8 tomahawks (quivered)
 G - 8 javelins of penetration
 T - 6 javelins
Armour
 r - a cursed +0 cloak (worn)
 u - a cursed +0 helmet (worn)
 x - a cursed +2 robe of magic resistance (worn)
 y - a cursed +0 pair of gloves (worn)
 A - a cursed +2 pair of boots (worn)
 D - a +2 robe of positive energy
 U - a +1 hat
Magical Staves
 I - an uncursed staff of wizardry
Jewellery
 b - an uncursed ring of magical power
 e - a cursed ring of protection from magic (left hand)
 k - a cursed +4 ring of intelligence (right hand)
 N - a cursed amulet of the acrobat (around neck)
 W - an uncursed ring of ice
 X - a +2 ring of protection
Wands
 d - a wand of scattershot (6)
 j - a wand of acid (31)
 m - a wand of random effects (44)
 H - a wand of enslavement (14)
 Q - a wand of iceblast (12)
 R - a wand of disintegration (12)
 S - a wand of polymorph (8)
 V - a wand of digging (5)
Scrolls
 h - 5 scrolls of teleportation
 l - 2 scrolls of fog
 p - 3 scrolls of enchant weapon
 s - 3 scrolls of amnesia
 z - a scroll of remove curse
 B - a scroll of summoning
 E - 2 scrolls of enchant armour
 F - a scroll of brand weapon
 K - 2 scrolls of fear
 L - 3 scrolls of magic mapping
Potions
 f - 6 potions of curing
 g - 3 potions of haste
 i - a potion of cancellation
 o - a potion of invisibility
 v - a potion of brilliance
 w - 2 potions of lignification
 C - a potion of magic
 M - a potion of agility
 Y - 2 potions of resistance
 Z - a potion of ambrosia
Miscellaneous
 O - a lamp of fire
 P - a phantom mirror
Comestibles
 c - 35 rations


   Skills:
 + Level 7.1 Fighting
 + Level 11.9(17.4) Staves
 + Level 3.9 Throwing
 + Level 6.2(10.7) Dodging
 + Level 7.0(11.5) Stealth
 + Level 9.8 Spellcasting
 + Level 3.9(8.1) Conjurations
 + Level 2.5(6.1) Charms
 + Level 2.8(6.5) Summonings
 + Level 10.3(14.5) Ice Magic
 + Level 0.2(1.3) Evocations


You had 17 spell levels left.
You knew the following spells:

 Your Spells              Type           Power        Failure   Level  Hunger
a - Freeze                Ice            ####         1%          1    None
b - Throw Frost           Conj/Ice       ######       1%          2    None
c - Ozocubu's Armour      Chrm/Ice       ######..     1%          3    None
d - Throw Icicle          Conj/Ice       ######..     1%          4    ##.....
e - Summon Ice Beast      Ice/Summ       ######..     1%          4    ##.....

Your spell library contained the following spells:

 Spells                   Type           Power        Failure   Level  Hunger


Dungeon Overview and Level Annotations

Branches:
Dungeon (10/15)            Temple (1/1) D:6            Lair (6/6) D:10
 Shoals (0/4) Lair:4        Snake (0/4) Lair:2        Slime (0/5) Lair:5
    Orc (0/2) D:10

Altars:
Ashenzari
Cheibriados
Dithmenos
Elyvilon
Fedhas
Gozag
Hepliaklqana
Kikubaaqudgha
Makhleb
Nemelex Xobeh
Okawaru
Qazlal
Ru
Sif Muna
Trog
Uskayaw
Vehumet
Wu Jian
Xom
Yredelemnul
Zin
The Shining One

Shops:
D:8 ?

Annotations:
D:4 2 transporters, diana's ghost, amateur DsGl


Innate Abilities, Weirdness & Mutations

You are resistant to torment.
Your stone body is resilient. (AC +9)
You are immune to poison.
You resist negative energy. (rN+)
You are resistant to electric shocks. (rElec)
You can survive without breathing.
You are immune to petrification.
You are immune to rotting.
Your large and strong wings let you fly indefinitely.
You have supernaturally acute eyesight. (SInv)
Your flesh is cold resistant. (rC+)
Potions are less effective at restoring your health.


Message History

Okay, then.
As you read the scroll of fear, it crumbles to dust.
You assume a fearsome visage.
The fire crab looks frightened!
The elephant looks frightened!
The yak looks frightened! x3
The six-headed hydra looks frightened!
Your surroundings suddenly seem different.
Found three items.
Your icy armour cracks and falls away as you move.
A crocodile comes into view.
Found a paperback book.
The helpless crocodile fails to defend itself.
You sock the crocodile! You drain the crocodile.
The crocodile is heavily wounded.
The crocodile misses you.
You closely miss the crocodile.
The crocodile is heavily wounded.
You sock the crocodile!
The crocodile is poisoned.
The crocodile is almost dead.
The crocodile bites you!
You die...

#..P..* #...P#
####.....# * ,* **
#.......# *, *** ,,
, ** #.......* **
,, * * , , ,
####....### * , ,*
, , , ,
,.#.#.........#..,,
, ,, ,
........^........ ,
, , ,
,,........@#.#....(
,, ,, ****,*
,.........t.# ....,
,,,, *,*,,
.:./###.....# ...**
* * ,... *
#.....!.*##* ** *
,,..,,**#......## *
*** * * . ,*
,...##### * ≈ ≈*≈≈
***, ,,..## ** ≈ ≈≈
* , , ,,,, ### * ≈
≈≈ *** ≈ ,, ,,,, *
*8≈ *


You could see a crocodile.

Vanquished Creatures
  Rupert (Lair:5)
  Josephine (D:10)
  3 hydras
  Erica (D:10)
  A two-headed ogre (D:9)
  A death knight (D:9)
  Urug (Lair:1)
  A skeletal warrior (D:9)
  A salamander (Lair:3)
  A moth of wrath (Lair:3)
  A merfolk siren (Lair:4)
  6 elephants
  2 black mambas
  5 spiny frogs
  3 rime drakes
  A freezing wraith (D:9)
  4 komodo dragons
  A meliai (Lair:3)
  Grinder (D:3)
  6 blink frogs
  4 hippogriffs
  5 dream sheep (Lair:3)
  A shapeshifter (Lair:5)
  3 wraiths (D:10)
  2 wyverns
  16 yaks
  2 hogs (D:7)
  A human (D:7)
  A fire bat (D:10)
  2 basilisks (Lair:4)
  9 water moccasins
  An acid dragon (D:10)
  Duvessa (D:4)
  6 porcupines
  2 black bears
  5 orc warriors
  2 ice beasts
  3 sky beasts
  3 ogres
  3 phantoms
  A necrophage (D:5)
  An eye of draining (shapeshifter) (Lair:6)
  10 wolves
  5 centaurs
  10 crocodiles
  10 bullfrogs
  2 scorpions
  Dowan (D:4)
  14 killer bees
  A wight (D:7)
  2 electric eels (Lair:3)
  A howler monkey (D:5)
  2 crimson imps
  A bullfrog zombie (D:5)
  2 quasits
  6 hounds
  Crazy Yiuf (D:2)
  3 jellies
  9 orc priests
  10 orc wizards
  Jessica (D:3)
  3 iguanas
  9 worker ants
  A hound skeleton (D:7)
  A howler monkey skeleton (D:7)
  2 gnolls (D:5)
  8 adders
  2 shadow imps
  2 oozes (D:7)
  2 adder zombies
  An adder skeleton (D:7)
  4 worms
  A dart slug (D:2)
  5 leopard geckos
  34 orcs
  2 ball pythons (D:3)
  8 bats
  6 giant cockroaches
  13 goblins
  5 hobgoblins
  8 jackals
  2 quokkas
  2 frilled lizards
  8 kobolds
  A leopard gecko skeleton (D:6)
  9 rats
  A butterfly (Lair:2)
347 creatures vanquished.

Vanquished Creatures (collateral kills)
  Gastronok (Lair:1)
  A manticore (D:9)
  A hog (D:7)
  A yak (D:7)
  An ice beast (D:5)
  2 wolves (D:10)
  A centaur (D:8)
  A bullfrog skeleton (D:5)
  A worker ant (D:5)
  2 gnolls (D:5)
12 creatures vanquished.

Vanquished Creatures (others)
  A wyvern (D:10)
  A water moccasin (Lair:6)
  A quokka (D:7)
  2 fungi
  4 plants
9 creatures vanquished.

Grand Total: 368 creatures vanquished

Notes
Turn   | Place    | Note
-------+----------+-------------------------------------------
     0 | D:1      | myga the Gargoyle Ice Elementalist began the quest for the
                  | Orb.
     0 | D:1      | Reached XP level 1. HP: 10/10 MP: 3/3
   446 | D:1      | Reached XP level 2. HP: 15/15 MP: 1/5
   534 | D:1      | Learned a level 2 spell: Throw Frost
  1015 | D:2      | Reached XP level 3. HP: 1/19 MP: 3/6
  1563 | D:2      | Learned a level 3 spell: Ozocubu's Armour
  1871 | D:2      | Reached skill level 1 in Throwing
  1871 | D:2      | Reached XP level 4. HP: 18/24 MP: 3/8
  1957 | D:2      | Found a faded altar of an unknown god.
  2107 | D:2      | Found a burning altar of Makhleb.
  2142 | D:2      | Found a runed translucent door.
  2143 | D:2      | Noticed Crazy Yiuf
  2352 | D:2      | Killed Crazy Yiuf
  2352 | D:2      | Reached XP level 5. HP: 4/28 MP: 0/9
  2714 | D:2      | Became a worshipper of Ashenzari the Shackled
  2714 | D:2      | Reached * piety under Ashenzari
  2941 | D:3      | Reached skill level 1 in Staves
  2941 | D:3      | Reached XP level 6. HP: 9/33 MP: 1/11
  3130 | D:3      | Learned a level 4 spell: Throw Icicle
  3158 | D:3      | Found a shattered altar of Ashenzari.
  3357 | D:3      | Noticed Grinder
  3376 | D:3      | Paralysed by Grinder for 5 turns
  3395 | D:3      | Killed Grinder
  3395 | D:3      | Reached skill level 1 in Fighting
  3395 | D:3      | Reached skill level 2 in Staves
  3395 | D:3      | Reached XP level 7. HP: 19/38 MP: 0/13
  3698 | D:3      | Noticed Jessica
  3705 | D:3      | Killed Jessica
  3910 | D:3      | Learned a level 4 spell: Summon Ice Beast
  4152 | D:4      | Reached ** piety under Ashenzari
  4210 | D:4      | Reached skill level 1 in Charms
  4463 | D:4      | Noticed Dowan
  4465 | D:4      | Noticed Duvessa
  4482 | D:4      | Killed Dowan
  4482 | D:4      | Reached skill level 3 in Staves
  4619 | D:4      | Found a transporter.
  4622 | D:4      | Noticed diana's ghost (amateur DsGl)
  4624 | D:4      | Found a transporter.
  4895 | D:4      | Killed Duvessa
  4895 | D:4      | Reached skill level 5 in Ice Magic
  5602 | D:5      | Entered Level 5 of the Dungeon
  5608 | D:5      | Reached XP level 8. HP: 43/43 MP: 5/14
  5965 | D:5      | Reached skill level 5 in Spellcasting
  5998 | D:5      | Reached skill level 4 in Staves
  6027 | D:5      | HP: 1/44 [orc priest/divine providence (11)]
  6299 | D:5      | Reached skill level 5 in Staves
  6393 | D:5      | Found a sacrificial altar of Ru.
  6404 | D:5      | Reached XP level 9. HP: 49/49 MP: 15/17
  6520 | D:6      | Found a shimmering altar of Xom.
  6520 | D:6      | Found a shimmering altar of Xom.
  6520 | D:6      | Found a shimmering altar of Xom.
  6520 | D:6      | Found a shimmering altar of Xom.
  6550 | D:6      | Reached *** piety under Ashenzari
  6569 | D:6      | Found a shimmering altar of Xom.
  6572 | D:6      | Found a shimmering altar of Xom.
  7060 | D:6      | Found a staircase to the Ecumenical Temple.
  7097 | D:6      | Found a shimmering altar of Xom.
  7426 | D:6      | Reached skill level 6 in Staves
  7684 | Temple   | Entered the Ecumenical Temple
  8144 | D:7      | Reached XP level 10. HP: 42/56 MP: 9/20
  8349 | D:7      | Found a glowing golden altar of the Shining One.
  9243 | D:7      | Found a white marble altar of Elyvilon.
  9427 | D:8      | Reached skill level 7 in Staves
  9624 | D:8      | Found Feuttael's Magic Scroll Shoppe.
  9662 | D:8      | Reached **** piety under Ashenzari
 10127 | D:8      | Bought a scroll of enchant weapon for 97 gold pieces
 10127 | D:8      | Bought a scroll of enchant armour for 97 gold pieces
 10127 | D:8      | Bought a scroll of summoning for 123 gold pieces
 10127 | D:8      | Bought a scroll of fog for 26 gold pieces
 10626 | D:9      | Found an iron altar of Okawaru.
 10626 | D:9      | Found a radiant altar of Vehumet.
 10797 | D:9      | Found an ornate altar of the Wu Jian Council.
 11110 | D:9      | Reached XP level 11. HP: 54/60 MP: 20/23
 11191 | D:9      | Noticed a +0 dagger
 11191 | D:9      | Noticed a +0 hand axe
 11195 | D:9      | Found a hide-covered altar of Uskayaw.
 11311 | D:9      | Noticed a skeletal warrior
 11523 | D:9      | Noticed a death knight
 11686 | D:9      | Killed a death knight
 11686 | D:9      | Reached skill level 8 in Staves
 11730 | D:9      | Killed a skeletal warrior
 11918 | D:9      | Noticed a two-headed ogre
 11944 | D:9      | Killed a two-headed ogre
 11944 | D:9      | Reached skill level 1 in Summonings
 11967 | D:9      | Noticed a manticore
 11977 | D:9      | Killed a manticore
 12103 | D:9      | Found an ancient bone altar of Kikubaaqudgha.
 12191 | D:10     | Entered Level 10 of the Dungeon
 12393 | D:10     | Noticed Grum
 12407 | D:10     | Noticed Grum
 12407 | D:10     | Grum changed into Grum the fire bat
 12411 | D:10     | Killed Grum the fire bat
 12472 | D:10     | Found a staircase to the Orcish Mines.
 12524 | D:10     | Noticed Erica
 12531 | D:10     | Killed Erica
 12708 | D:10     | Noticed Josephine
 12726 | D:10     | Killed Josephine
 12749 | D:10     | Reached skill level 9 in Staves
 12751 | D:10     | Reached skill level 5 in Stealth
 13027 | D:10     | Found a staircase to the Lair.
 13400 | Lair:1   | Entered Level 1 of the Lair of Beasts
 13400 | Lair:1   | Noticed a six-headed hydra
 13412 | Lair:1   | Killed a six-headed hydra
 13412 | Lair:1   | Reached skill level 5 in Fighting
 13592 | Lair:1   | Reached ***** piety under Ashenzari
 13637 | Lair:1   | Noticed a seven-headed hydra
 13641 | Lair:1   | Reached XP level 12. HP: 66/68 MP: 21/25
 13666 | Lair:1   | Killed a seven-headed hydra
 13788 | Lair:1   | Noticed Urug
 13807 | Lair:1   | Killed Urug
 13886 | Lair:1   | Reached skill level 5 in Dodging
 13951 | Lair:1   | Noticed Gastronok
 13966 | Lair:1   | Killed Gastronok
 14460 | Lair:2   | Reached skill level 10 in Staves
 15250 | Lair:2   | Found a staircase to the Snake Pit.
 16351 | Lair:3   | Reached skill level 11 in Staves
 16602 | Lair:3   | Gained mutation: Your flesh is cold resistant. (rC+)
                  | [potion of mutation]
 16602 | Lair:3   | Gained mutation: Potions are less effective at restoring
                  | your health. [potion of mutation]
 16602 | Lair:3   | Gained mutation: You have supernaturally acute eyesight.
                  | (SInv) [potion of mutation]
 16602 | Lair:3   | Gained mutation: Your large and strong wings let you fly
                  | indefinitely. [potion of mutation]
 16824 | Lair:3   | Reached XP level 13. HP: 40/75 MP: 24/26
 17315 | Lair:4   | Reached skill level 10 in Ice Magic
 18073 | Lair:4   | Found a staircase to the Shoals.
 18231 | Lair:4   | Reached ****** piety under Ashenzari
 18632 | Lair:5   | Noticed Snorg
 18646 | Lair:5   | Snorg changed into Snorg the shapeshifter
 18829 | Lair:5   | Found an opulent altar of Gozag.
 18847 | Lair:5   | Found a staircase to the Slime Pits.
 19114 | Lair:5   | Noticed Rupert
 19164 | Lair:5   | Killed Rupert
 19736 | Lair:6   | Entered Level 6 of the Lair of Beasts
 20003 | Lair:6   | Slain by a crocodile

Skill      XL: |  1  2  3  4  5  6  7  8  9 10 11 12 13 |
---------------+----------------------------------------+-----
Throwing       | 1 2 3 |  3.9
Spellcasting   | 3 4 5 6 8 9 |  9.8
Ice Magic      | 4 5 7 8 9 10 | 10.3
Dodging        | 2 3 4 5 6 |  6.2
Staves         | 1 2 3 5 6 7 9 11 | 11.9
Stealth        | 3 4 5 7 |  7.0
Fighting       | 1 2 3 5 6 7 |  7.1
Charms         | 1 2 |  2.5
Conjurations   | 2 3 |  3.9
Summonings     | 2 |  2.8
Evocations     | |  0.2

Action                   |  1- 3 |  4- 6 |  7- 9 | 10-12 | 13-15 || total
-------------------------+-------+-------+-------+-------+-------++-------
Melee: Club              |    13 |       |       |       |       ||    13
       Quarterstaff      |    21 |    76 |   193 |   622 |   210 ||  1122
Throw: Stone             |    34 |    11 |    32 |     3 |       ||    80
       Tomahawk          |       |       |    13 |    24 |     3 ||    40
 Cast: Freeze            |    56 |    31 |    72 |   112 |    12 ||   283
       Throw Frost       |     3 |    10 |    56 |    63 |    23 ||   155
       Ozocubu's Armour  |       |     2 |     5 |    17 |     9 ||    33
       Summon Ice Beast  |       |       |     2 |    21 |    12 ||    35
       Throw Icicle      |       |       |     1 |     2 |     1 ||     4
Invok: Curse Item        |       |     1 |     2 |     4 |     2 ||     9
       Scrying           |       |       |       |     1 |       ||     1
Evoke: Wand              |       |       |       |     2 |     3 ||     5
  Use: Potion            |       |     1 |     2 |     7 |     1 ||    11
       Scroll            |       |     1 |     8 |    12 |     5 ||    26
 Stab: Sleeping          |     2 |     1 |       |    13 |    11 ||    27
       Paralysed         |       |       |     4 |     4 |     4 ||    12
       Confused          |       |       |       |     1 |       ||     1
       Petrifying        |       |       |       |     2 |     1 ||     3
       Petrified         |       |       |       |       |     4 ||     4
  Eat: Chunk             |     4 |     5 |    13 |    18 |     8 ||    48
       Ration            |       |       |     1 |     3 |     1 ||     5
Armor: Robe              |    25 |    48 |   107 |   280 |    65 ||   525
Dodge: Dodged            |    46 |    52 |   134 |   439 |   167 ||   838
